 Dungeon Crawl Stone Soup version 0.23.1-37-gaa34b87 (webtiles) character file.

Game seed: 1734416962151189841

27450 kae the Spear-Bearer (level 13, -5/126 HPs)
             Began as a Naga Gladiator on Mar 20, 2019.
             Was a High Priest of Okawaru.
             Slain by a six-headed hydra (8 damage)
             ... on level 4 of the Lair of Beasts.
             The game lasted 00:35:28 (19307 turns).

kae the Spear-Bearer (Naga Gladiator)              Turns: 19307, Time: 00:35:29

Health: -5/126     AC: 17    Str: 19    XL:     13   Next: 32%
Magic:  20/20      EV: 15    Int: 10    God:    Okawaru [*****.]
Gold:   494        SH:  0    Dex: 19    Spells: 12/12 levels left

rFire    + . .     SeeInvis +   a - +0 trident
rCold    x . .     Gourm    .   (no shield)
rNeg     . . .     Faith    .   I - +0 leather armour
rPois    +         Spirit   .   J - +2 helmet {SInv}
rElec    +         Reflect  .   p - scarf {repulsion}
rCorr    .         Harm     .   o - +1 pair of gloves
MR       +....                  (no barding)
Stlth    +++++.....             r - amulet of magic regeneration
HPRegen  0.31/turn              q - ring of Seaculio {Fire rElec rPois Str-2 Dex+7}
MPRegen  0.42/turn              z - +6 ring of protection

@: short of breath, heroism, repel missiles, very slow
A: large, see invisible, deformed body, poison resistance, slowness 2, slow
metabolism 1, spit poison 1, constrict 1, AC +4
a: Spit Poison, Heroism, Finesse, Renounce Religion


You were on level 4 of the Lair of Beasts.
You worshipped Okawaru.
Okawaru was extremely pleased with you.
You were very hungry.

You visited 3 branches of the dungeon, and saw 17 of its levels.
You also visited: Gauntlet.

You collected 965 gold pieces.
You spent 471 gold pieces at shops.

Inventory:

Hand Weapons
 a - a +0 trident (weapon)
 b - the +9 halberd of Qiptiope {elec, rC+}
   (You bought it in a shop on level 12 of the Dungeon)

   Occasionally, upon striking a foe, it will discharge some electrical energy
   and cause terrible harm.
   It protects you from cold.
Missiles
 D - 8 poisoned tomahawks
 E - 15 tomahawks (quivered)
Armour
 o - a +1 pair of gloves (worn)
 p - a scarf of repulsion (worn)
 I - a +0 leather armour (worn)
 J - a +2 helmet of see invisible (worn)
Jewellery
 e - an uncursed ring of resist corrosion {unknown}
 j - an uncursed ring of positive energy {unknown}
 q - the ring of Seaculio (left hand) {Fire rElec rPois Str-2 Dex+7}
   (You found it on level 6 of the Dungeon)

   [ring of fire]

   It enhances your fire magic.
   It affects your strength (-2).
   It affects your dexterity (+7).
   It protects you from fire.
   It makes you vulnerable to cold.
   It insulates you from electricity.
   It protects you from poison.
 r - an amulet of magic regeneration (around neck)
 z - a +6 ring of protection (right hand)
 C - an uncursed amulet of faith
 H - an uncursed ring of stealth
 L - an uncursed ring of stealth
Wands
 s - a wand of disintegration (7)
 x - a wand of iceblast (19)
 y - a wand of polymorph (13)
 F - a wand of flame (41)
 K - a wand of paralysis (4)
 M - a wand of scattershot (6)
Scrolls
 d - 8 scrolls of teleportation
 g - 2 scrolls of identify
 u - 5 scrolls of remove curse
 w - a scroll of fog
 A - a scroll of amnesia
Potions
 c - 3 potions of invisibility
 h - 4 potions of ambrosia
 i - 8 potions of curing
 k - 6 potions of might
 l - 2 potions of haste
 m - a potion of mutation
 n - 2 potions of agility
 t - 3 potions of flight
 v - 3 potions of cancellation
 B - a potion of brilliance
 G - 3 potions of lignification
Comestibles
 f - 42 rations


   Skills:
 + Level 10.9(15.9) Fighting
 * Level 14.7(19.7) Polearms
 - Level 6.7(11.7) Throwing
 - Level 2.4(7.4) Dodging
 + Level 7.6(12.6) Stealth
 - Level 10.0 Invocations


You had 12 spell levels left.
You didn't know any spells.
Your spell library contained the following spells:

 Spells                   Type           Power        Failure   Level  Hunger
 Corona                   Hex            #......      41%         1    ##.....
 Flame Tongue             Conj/Fire      #....        41%         1    ##.....
 Blink                    Tloc           N/A          54%         2    ###....
 Ensorcelled Hibernation  Hex/Ice        #.....       54%         2    ###....
 Shroud of Golubria       Chrm/Tloc      #.........   54%         2    ###....
 Throw Flame              Conj/Fire      #.....       54%         2    ###....
 Confuse                  Hex            #.......     78%         3    ####...
 Conjure Flame            Conj/Fire      #.......     78%         3    ####...
 Dazzling Spray           Conj/Hex       #.....       78%         3    ####...
 Gell's Gravitas          Tloc           #.........   78%         3    ####...
 Inner Flame              Hex/Fire       #.......     78%         3    ####...
 Lesser Beckoning         Tloc           #.........   78%         3    ####...
 Teleport Other           Tloc           #.......     78%         3    ####...
 Tukima's Dance           Hex            #.......     78%         3    ####...
 Passage of Golubria      Tloc           N/A          99%         4    #####..
 Sticky Flame             Conj/Fire      #.......     99%         4    #####..
 Fireball                 Conj/Fire      #.........   100%        5    ######.


Dungeon Overview and Level Annotations

Branches:
Dungeon (12/15)            Temple (1/1) D:4            Lair (4/6) D:10
 Shoals (0/4) Lair:2       Spider (0/4) Lair:3          Orc (0/2) D:9

Altars:
Ashenzari
Cheibriados
Dithmenos
Elyvilon
Fedhas
Gozag
Hepliaklqana
Kikubaaqudgha
Makhleb
Nemelex Xobeh
Okawaru
Qazlal
Ru
Sif Muna
Trog
Uskayaw
Vehumet
Wu Jian
Xom
Yredelemnul
Zin
The Shining One

Shops:
D:7 *?   D:9 =%   D:12 (

Annotations:
Lair:3 exclusion: 4 oklob plants


Innate Abilities, Weirdness & Mutations

You cannot wear boots.
Your serpentine skin is tough. (AC +4)
You have supernaturally acute eyesight. (SInv)
Armour fits poorly on your strangely shaped body.
Your system is resistant to poisons. (rPois)
You cover ground very slowly.
You have a slow metabolism.
You can spit poison.
You can use your snake-like lower body to constrict enemies.


Message History

The six-headed hydra completely misses you.
The six-headed hydra bites you but does no damage. x2
You hit the six-headed hydra.
The six-headed hydra is heavily wounded.
You hit the six-headed hydra.
The six-headed hydra is severely wounded.
The six-headed hydra barely misses you. The six-headed hydra misses you.
The six-headed hydra bites you.
* * * LOW HITPOINT WARNING * * *
The six-headed hydra bites you but does no damage. x2
The six-headed hydra misses you.
You hit the six-headed hydra.
The six-headed hydra is severely wounded.
The six-headed hydra bites you!
* * * LOW HITPOINT WARNING * * *
The six-headed hydra bites you but does no damage.
The six-headed hydra barely misses you. The six-headed hydra bites you!
* * * LOW HITPOINT WARNING * * *
The six-headed hydra bites you!
You die...

#... .... ##.?.
...#### #....
..P...# #....
.....## #....
###......#
#.#..###P......$.
#....##.†.#
#...D...##
##..@...##
##....#.##
#......P#
#P#....##
####....####
##...<..#
##..........
#..........P
#...##.....P.


You could see a six-headed hydra.

Vanquished Creatures
  2 hydras
  3 two-headed ogres
  A lindwurm (Lair:3)
  2 manticores
  A cyclops (D:11)
  Joseph (D:8)
  2 black mambas
  6 elephants (Lair:4)
  4 spiny frogs
  4 komodo dragons
  5 polar bears
  7 blink frogs
  10 hippogriffs
  A shadow (D:12)
  3 wraiths
  24 yaks
  4 hogs (D:8)
  A basilisk (Lair:2)
  A human (D:8)
  A steam dragon (D:10)
  A hungry ghost (D:12)
  Menkaure (D:7)
  4 water moccasins
  5 porcupines
  4 ice beasts (D:9)
  5 orc warriors
  4 sky beasts
  A black bear (D:10)
  2 necrophages (D:7)
  2 phantoms
  8 ogres
  3 centaurs
  4 crocodiles
  3 elf zombies (D:7)
  15 bullfrogs
  5 scorpions
  6 killer bees (D:7)
  5 electric eels
  3 wights (D:8)
  6 howler monkeys
  3 crimson imps (D:6)
  A centaur zombie (D:12)
  4 hounds
  3 human zombies (D:7)
  3 jellies
  8 orc priests
  2 bullfrog skeletons
  18 orc wizards
  5 centaur skeletons
  2 iguanas
  Terence (D:2)
  Natasha (thrice) (D:2)
  9 worker ants
  A killer bee zombie (D:6)
  An ogre skeleton (D:7)
  2 hound zombies
  A mummy (D:7)
  2 worker ant zombies
  4 gnolls (D:5)
  9 adders
  A howler monkey skeleton (D:4)
  2 shadow imps (D:6)
  2 adder zombies (D:6)
  An adder skeleton (D:5)
  4 worms
  5 leopard geckos
  55 orcs
  8 giant cockroaches
  6 hobgoblins
  7 jackals
  8 kobolds
  5 quokkas
  4 ball pythons
  6 bats
  2 frilled lizards
  7 goblins
  An orc zombie (D:7)
  11 rats
  A plant (Lair:3)
388 creatures vanquished.

Notes
Turn   | Place    | Note
-------+----------+-------------------------------------------
     0 | D:1      | kae the Naga Gladiator began the quest for the Orb.
     0 | D:1      | Reached XP level 1. HP: 19/19 MP: 1/1
   195 | D:1      | Reached XP level 2. HP: 26/26 MP: 2/2
  1062 | D:2      | Reached XP level 3. HP: 31/33 MP: 3/3
  1117 | D:2      | Noticed Natasha
  1126 | D:2      | Killed Natasha
  1232 | D:2      | Noticed Natasha
  1238 | D:2      | Killed Natasha
  1238 | D:2      | Reached skill level 4 in Polearms
  1238 | D:2      | Reached XP level 4. HP: 34/40 MP: 4/4
  1606 | D:2      | Found a radiant altar of Vehumet.
  1762 | D:2      | Noticed Natasha
  1771 | D:2      | Killed Natasha
  1878 | D:2      | Noticed Terence
  1897 | D:2      | Killed Terence
  1897 | D:2      | Reached XP level 5. HP: 43/49 MP: 5/5
  2617 | D:3      | Found a shimmering altar of Xom.
  2618 | D:3      | Found a shimmering altar of Xom.
  2621 | D:3      | Found a shimmering altar of Xom.
  2621 | D:3      | Found a shimmering altar of Xom.
  2639 | D:3      | Found a shimmering altar of Xom.
  2893 | D:3      | Reached skill level 5 in Polearms
  2893 | D:3      | Reached XP level 6. HP: 29/56 MP: 6/6
  3652 | D:4      | Reached XP level 7. HP: 47/63 MP: 7/7
  3778 | D:4      | Reached skill level 6 in Polearms
  4607 | D:4      | Found a staircase to the Ecumenical Temple.
  4823 | Temple   | Entered the Ecumenical Temple
  4877 | Temple   | Became a worshipper of Warmaster Okawaru
  5071 | D:5      | Entered Level 5 of the Dungeon
  5108 | D:5      | Reached XP level 8. HP: 25/73 MP: 8/8
  5110 | D:5      | Reached skill level 7 in Polearms
  5110 | D:5      | Reached skill level 1 in Invocations
  5849 | D:5      | Reached skill level 5 in Fighting
  6375 | D:5      | Found a blossoming altar of Fedhas.
  6684 | D:6      | Got a scintillating pewter ring
  6766 | D:6      | Found a hazy altar of Hepliaklqana.
  7207 | D:6      | Reached skill level 8 in Polearms
  7207 | D:6      | Reached skill level 5 in Throwing
  7211 | D:6      | Reached * piety under Okawaru
  7327 | D:6      | Found a sacrificial altar of Ru.
  7341 | D:6      | Reached XP level 9. HP: 78/81 MP: 11/11
  8009 | D:7      | Found Puduna's Magic Scroll Emporium.
  8058 | D:7      | Bought a scroll of identify for 24 gold pieces
  8372 | D:7      | Noticed Menkaure
  8376 | D:7      | Killed Menkaure
  8454 | D:7      | Found Ratainuc's Assorted Antiques.
  8458 | D:7      | Bought a runed scarf for 200 gold pieces
  8458 | D:7      | Bought a cyan potion for 22 gold pieces
  8468 | D:7      | Identified the ring of Seaculio {Fire rElec rPois Str-2
                  | Dex+7} (You found it on level 6 of the Dungeon)
  8516 | D:7      | Reached skill level 9 in Polearms
  8520 | D:7      | Reached ** piety under Okawaru
  8820 | D:7      | Found a basalt altar of Yredelemnul.
  9426 | D:7      | Reached skill level 5 in Invocations
  9426 | D:7      | Reached XP level 10. HP: 86/92 MP: 13/13
  9661 | D:8      | Reached *** piety under Okawaru
  9745 | D:8      | Found an ancient bone altar of Kikubaaqudgha.
  9759 | D:8      | Noticed Joseph
  9790 | D:8      | Killed Joseph
  9790 | D:8      | Reached skill level 10 in Polearms
 10047 | D:8      | Found a sparkling altar of Nemelex Xobeh.
 10513 | D:8      | Found a burning altar of Makhleb.
 10586 | D:9      | Received a gift from Okawaru
 10898 | D:9      | Noticed a two-headed ogre
 11488 | D:9      | Found a staircase to the Orcish Mines.
 11701 | D:9      | Killed a two-headed ogre
 11701 | D:9      | Received a gift from Okawaru
 11701 | D:9      | Reached skill level 11 in Polearms
 11701 | D:9      | Reached XP level 11. HP: 83/103 MP: 13/16
 11765 | D:9      | Found Kameraup's Food Boutique.
 11965 | D:9      | Found Meprado's Jewellery Shoppe.
 11992 | D:9      | Reached **** piety under Okawaru
 11992 | D:9      | Received a gift from Okawaru
 12598 | D:10     | Entered Level 10 of the Dungeon
 12923 | D:10     | Found a staircase to the Lair.
 13863 | D:11     | Noticed a cyclops
 13894 | D:11     | Received a gift from Okawaru
 13900 | D:11     | Reached skill level 12 in Polearms
 13927 | D:11     | Noticed a two-headed ogre
 13953 | D:11     | Killed a two-headed ogre
 13973 | D:11     | Killed a cyclops
 14714 | D:11     | Found an opulent altar of Gozag.
 14760 | D:12     | Noticed a two-headed ogre
 14784 | D:12     | Killed a two-headed ogre
 14784 | D:12     | Received a gift from Okawaru
 14787 | D:12     | Noticed an eight-headed hydra
 14795 | D:12     | Killed an eight-headed hydra
 14975 | D:12     | Found a gate leading to a gauntlet.
 14982 | Gauntlet | Entered a Gauntlet
 14982 | Gauntlet | Found a transporter.
 14982 | Gauntlet | Found a transporter.
 15161 | Gauntlet | Noticed a tengu warrior
 15162 | Gauntlet | Found a transporter.
 15186 | Gauntlet | Found a transporter.
 15190 | Gauntlet | Found a transporter.
 15193 | Gauntlet | Found a runed translucent door.
 15193 | Gauntlet | Found a runed translucent door.
 15197 | Gauntlet | Found a transporter.
 15200 | Gauntlet | Found a transporter.
 15211 | Gauntlet | Found a transporter.
 15226 | Gauntlet | Found a transporter.
 15243 | Gauntlet | Found a transporter.
 15246 | Gauntlet | Found a transporter.
 15248 | Gauntlet | Found a runed translucent gate.
 15248 | Gauntlet | Found a runed translucent gate.
 15248 | Gauntlet | Found a runed translucent gate.
 15249 | Gauntlet | Found a large runed translucent door.
 15249 | Gauntlet | Found a large runed translucent door.
 15250 | Gauntlet | Found a large runed translucent door.
 15251 | Gauntlet | Found a large runed translucent door.
 15252 | Gauntlet | Found a large runed translucent door.
 15252 | Gauntlet | Found a large runed translucent door.
 15252 | Gauntlet | Found a runed translucent door.
 15252 | Gauntlet | Found a runed translucent door.
 15253 | Gauntlet | Found a large runed translucent door.
 15254 | Gauntlet | Found a large runed translucent door.
 15256 | Gauntlet | Found a transporter.
 15296 | Gauntlet | Found a large runed translucent door.
 15297 | Gauntlet | Found a large runed translucent door.
 15298 | Gauntlet | Found a large runed translucent door.
 15298 | Gauntlet | Found a large runed translucent door.
 15299 | Gauntlet | Found a large runed translucent door.
 15300 | Gauntlet | Found a large runed translucent door.
 15301 | Gauntlet | Found a large runed translucent door.
 15301 | Gauntlet | Found a large runed translucent door.
 15415 | D:12     | Reached XP level 12. HP: 73/114 MP: 18/18
 16091 | D:12     | Reached ***** piety under Okawaru
 16091 | D:12     | Reached skill level 13 in Polearms
 16230 | D:12     | Found Rayskut's Antique Weapon Emporium.
 16241 | D:12     | Bought a slimy halberd for 225 gold pieces
 16332 | Lair:1   | Entered Level 1 of the Lair of Beasts
 16340 | Lair:1   | Identified the +9 halberd of Qiptiope {elec, rC+} (You
                  | bought it in a shop on level 12 of the Dungeon)
 17222 | Lair:2   | Found a staircase to the Shoals.
 17231 | Lair:2   | Reached skill level 1 in Stealth
 17284 | Lair:2   | Noticed a six-headed hydra
 17303 | Lair:2   | Killed a six-headed hydra
 17306 | Lair:2   | Reached skill level 10 in Fighting
 17419 | Lair:2   | Received a gift from Okawaru
 17861 | Lair:2   | Reached skill level 14 in Polearms
 17881 | Lair:2   | Reached skill level 5 in Stealth
 17881 | Lair:2   | Reached skill level 10 in Invocations
 18250 | Lair:3   | Gained mutation: You can use your snake-like lower body to
                  | constrict enemies. [Naga growth]
 18250 | Lair:3   | Reached XP level 13. HP: 108/124 MP: 20/20
 18772 | Lair:3   | Found a hole to the Spider Nest.
 19307 | Lair:4   | HP: 3/126 [six-headed hydra (13)]
 19307 | Lair:4   | Slain by a six-headed hydra

Skill      XL: |  1  2  3  4  5  6  7  8  9 10 11 12 13 |
---------------+----------------------------------------+-----
Throwing       | 2 3 4 5 6 |  6.7
Polearms       | 4 5 6 8 9 11 12 14 | 14.7
Fighting       | 3 4 5 6 8 9 10 | 10.9
Invocations    | 3 5 6 8 10 | 10.0
Stealth        | 5 7 |  7.6
Dodging        | |  2.4

Action                   |  1- 3 |  4- 6 |  7- 9 | 10-12 | 13-15 || total
-------------------------+-------+-------+-------+-------+-------++-------
Melee: Trident           |    81 |   182 |   630 |   751 |    10 ||  1654
       Halberd           |       |       |       |   151 |    88 ||   239
       Punch             |       |       |       |     1 |       ||     1
       Constrict         |       |       |       |       |    14 ||    14
Throw: Throwing net      |       |     5 |       |       |       ||     5
       Tomahawk          |       |     4 |     5 |    61 |     1 ||    71
Invok: Heroism           |       |       |     2 |    23 |     1 ||    26
 Abil: Spit Poison       |     2 |    20 |    43 |    44 |     2 ||   111
  Use: Scroll            |     3 |     4 |     8 |    16 |       ||    31
       Potion            |       |       |     1 |     1 |       ||     2
 Stab: Sleeping          |     2 |       |     5 |     6 |     2 ||    15
       Distracted        |       |       |       |     1 |       ||     1
  Eat: Chunk             |     1 |     4 |    10 |    22 |     2 ||    39
       Ration            |       |     1 |     2 |     2 |       ||     5
Armor: Leather armour    |    22 |    50 |   158 |   266 |    49 ||   545
       Skin              |       |       |    17 |       |       ||    17
Dodge: Dodged            |    15 |    19 |    72 |   214 |    72 ||   392
       Deflected         |       |       |     1 |     9 |       ||    10
Block: Large shield      |    32 |    93 |   283 |   368 |       ||   776
